 Dungeon Crawl Stone Soup version 0.30-a0-1114-gd936c97349 (webtiles) character file.

Game seed: 4347846700489520460

18 themarg the Trooper (level 2, -3/24 HPs)
             Began as a Demonspawn Cinder Acolyte on Apr 21, 2023.
             Was a High Priest of Ignis.
             Killed from afar by Natasha (9 damage)
             ... with a magic dart
             ... on level 2 of the Dungeon.
             The game lasted 00:02:32 (976 turns).

themarg the Trooper (Demonspawn Cinder Acolyte)      Turns: 976, Time: 00:02:32

Health: -3/24      AC:  2    Str: 14    XL:     2   Next: 51%
Magic:  0/4        EV: 11    Int: 15    God:    Ignis [*****.]
Gold:   58         SH:  0    Dex:  8    Spells: 2/4 levels left

rFire   + . .      SeeInvis .    a - -1 hand axe (flame)
rCold   . . .      Faith    .    (no shield)
rNeg    . . .      Spirit   .    b - +0 robe
rPois   .          Reflect  .    (no helmet)
rElec   .          Rampage  .    (no cloak)
rCorr   .                        (no gloves)
Will    .....                    (no boots)
Stlth   +                        (no amulet)
HPRegen 0.24/turn                (no ring)
MPRegen 0.09/turn                (no ring)

@: slowed, very slow
A: sturdy frame 1
a: Renounce Religion, Fiery Armour, Foxfire Swarm, Rising Flame


You were on level 2 of the Dungeon.
You worshipped Ignis.
Ignis was extremely pleased with you.
You visited 1 branch of the dungeon, and saw 2 of its levels.

You collected 58 gold pieces.

Inventory:

Hand Weapons
 a - a -1 hand axe of flaming (weapon)
 f - a +0 dagger
Missiles
 e - 20 stones (quivered)
Armour
 b - a +0 robe (worn)
Scrolls
 d - a scroll of enchant weapon {unknown}
 g - a scroll of fog {unknown}
 h - a scroll of poison {unknown}
 i - a scroll of amnesia {unknown}
 j - a scroll of teleportation {unknown}
Potions
 c - a potion of heal wounds


   Skills:
 - Level 3.0 Fighting
 - Level 2.6 Axes
 + Level 1.1 Stealth
 + Level 1.5 Spellcasting
 + Level 3.0 Fire Magic


You had 2 spell levels left.
You knew the following spells:

 Your Spells              Type           Power      Damage    Failure   Level
a - Scorch                Fire           20%        2d6       10%         2

Your spell library contained the following spells:

 Spells                   Type           Power      Damage    Failure   Level


Dungeon Overview and Level Annotations

Branches:
Dungeon (2/15)

Altars:

Shops:
D:1 :

Annotations:
D:2 Natasha


Innate Abilities, Weirdness & Mutations

Your movements are slightly less encumbered by armour. (ER -2)


Message History

Done exploring.
There is a stone staircase leading down here.
You climb downwards.
There is a stone staircase leading up here.
Found a stone staircase leading up.
Natasha, Servant of Life and Death comes into view.
Natasha hisses angrily.
Natasha casts a spell at you. The magic dart hits you!
Found 11 gold pieces.
Flames lash Natasha.
Natasha is lightly wounded.
Natasha's fire resistance burns away.
Natasha hisses.
Natasha stares at you and mumbles some strange words.
The magic dart hits you.
Flames lash Natasha.
Natasha is burned terribly!
Natasha is severely wounded.
You hit Natasha but do no damage.
Natasha is severely wounded.
Natasha stares at you and mumbles some strange words.
You feel yourself slow down.
You closely miss Natasha.
Natasha is severely wounded.
Natasha mumbles some strange words.
Natasha shimmers violently.
Natasha closely misses you. Natasha claws you.
* * * LOW HITPOINT WARNING * * *
It was a potion of heal wounds.
You feel much better. Natasha claws you.
You barely miss Natasha.
Natasha is heavily wounded.
Natasha is no longer more vulnerable to fire.
Natasha misses you. Natasha claws you!
You closely miss Natasha.
Natasha is heavily wounded.
Natasha claws you.
* * * LOW HITPOINT WARNING * * *
Natasha stares at you and mumbles some strange words.
The magic dart hits you!
You die...

#.# #..... ######.#
#..### ....##.#
#..# ...##.# #..#
#####..##.# #..#
#... ..##.# #..#
#.#.##.##.# #..#
#..$...##.# ...#
###.@.....# ##.#
#.....h............
#####.#############
#. #. #. #$ ##


You could see Natasha.

Vanquished Creatures
  2 dart slugs (D:1)
  A ball python (D:1)
  2 endoplasms (D:1)
  2 goblins (D:1)
  A hobgoblin (D:1)
  2 quokkas (D:1)
  A bat (D:1)
  A frilled lizard (D:1)
  A kobold (D:1)
13 creatures vanquished.

Notes
Turn   | Place    | Note
-------+----------+-------------------------------------------
     0 | D:1      | themarg the Demonspawn Cinder Acolyte began the quest for
                  | the Orb.
     0 | D:1      | Reached XP level 1. HP: 18/18 MP: 2/2
   182 | D:1      | Found Kattidu's Book Shoppe.
   544 | D:1      | Gained mutation: Your movements are slightly less
                  | encumbered by armour. (ER -2) [demonic ancestry]
   544 | D:1      | Reached XP level 2. HP: 19/24 MP: 4/4
   547 | D:1      | Learned a level 2 spell: Scorch
   666 | D:1      | Reached skill level 1 in Stealth
   968 | D:2      | Noticed Natasha
   976 | D:2      | Killed from afar by Natasha

Illustrated notes

Levels and vault maps discovered:
D:1:      dpeg_arrival_snail, layout_basic, serial_shops,
          nicolae_book_shop_shelving
D:2:      layout_basic, uniq_jessica, uniq_natasha, uniq_robin

Skill      XL: |  1  2 |
---------------+-------+-----
Stealth        | 1 |  1.1
Fire Magic     | 3 |  3.0
Fighting       | |  3.0
Axes           | |  2.6
Spellcasting   | |  1.5

Action                     || total
---------------------------++-------
  Melee: Hand axe          ||    53
   Cast: Scorch            ||     5
    Use: Potion            ||     1
   Stab: Sleeping          ||     1
 Armour: Robe              ||     4
  Dodge: Dodged            ||    34

Table legend: (Time is in decaauts)
 A = Elapsed time spent in this place.
 B = Non-inter-level travel time spent in this place.
 C = Inter-level travel time spent in this place.
 D = Time resting spent in this place.
 E = Time spent auto-exploring this place.
 F = Levels seen in this place.
 G = Mean time per level.
                   A        B        C        D        E       F      G
               +--------+--------+--------+--------+--------+-----+--------+
         Total |    986 |    958 |     28 |      0 |    768 |   2 |  493.0 |
       Dungeon |    986 |    958 |     28 |      0 |    768 |   2 |  493.0 |
               +--------+--------+--------+--------+--------+-----+--------+

Top non-repeatable levels by time:
     D:1: 932 daAuts
     D:2: 54 daAuts
